 Dungeon Crawl Stone Soup version 0.19-a0-1002-g674d22e (console) character file.

36 brucemayne the Chopper (level 3, 0/42 HPs)
             Began as a Vampire Berserker on July 18, 2016.
             Was a Follower of Trog.
             Slain by a gnoll
             ... wielding a +0 spear
              (9 damage)
             ... on level 3 of the Dungeon.
             The game lasted 00:01:33 (449 turns).

brucemayne the Chopper (Vampire Berserker)           Turns: 449, Time: 00:01:34

Health: 0/42       AC:  2    Str: 22    XL:     3   Next: 19%
Magic:  3/3        EV: 12    Int:  9    God:    Trog [*.....]
Gold:   58         SH:  0    Dex: 13    Spells: 0 memorised, 2 levels left

rFire  + . .     SeeInvis +     a - +0 hand axe
rCold  . . .     Gourm    .     b - +0 animal skin
rNeg   + . .     Faith    .     (no shield)
rPois  .         Spirit   .     (no helmet)
rElec  .         Dismiss  .     (no cloak)
rCorr  .         Reflect  .     (no gloves)
SustAt .         Harm     .     (no boots)
MR     .....                    (no amulet)
Stlth  ..........               (no ring)
                                f - ring of protection from fire

@: berserking, very quick, not resistant to hostile enchantments, extremely
unstealthy
A: fangs 3, see invisible, unbreathing
a: Bat Form, Berserk, Burn Spellbooks, Renounce Religion


You were on level 3 of the Dungeon.
You worshipped Trog.
Trog was aware of your devotion.
You were not thirsty.

You visited 1 branch of the dungeon, and saw 3 of its levels.

You collected 58 gold pieces.

Inventory:

Hand Weapons
 a - a +0 hand axe (weapon)
Missiles
 e - 29 poisoned needles
Armour
 b - a +0 animal skin (worn)
Jewellery
 f - a ring of protection from fire (left hand)
Wands
 j - a wand of flame (7/48)
Scrolls
 d - 2 scrolls of identify {unknown}
 g - 2 scrolls of remove curse {unknown}
 i - a scroll of blinking {unknown}
 k - a scroll of teleportation {unknown}
Potions
 c - 5 potions of blood
 h - a potion of brilliance {unknown}


   Skills:
 - Level 2.6 Fighting
 + Level 3.9 Axes
 - Level 1.5 Armour
 - Level 2.1 Dodging


You had 2 spell levels left.
You didn't know any spells.

Dungeon Overview and Level Annotations

Branches:
Dungeon (3/15)

Altars:
Dithmenos


Innate Abilities, Weirdness & Mutations

You have razor-sharp teeth.
You have supernaturally acute eyesight. (SInv)
You can survive without breathing.


Message History

Unknown command.
You barely miss the gnoll. You slash the gnoll!
You kill the gnoll!
Trog accepts your kill.
You have reached level 3!
Your experience leads to an increase in your attributes!
Your base attributes are Str 16, Int 9, Dex 13.
Increase (S)trength, (I)ntelligence, or (D)exterity?
You feel stronger.
You can now transform into a vampire bat.
The gnoll hits you but does no damage. The gnoll barely misses you.
The gnoll hits you from afar with a spear.
* * * LOW HITPOINT WARNING * * *
You see here a club.
Unknown command.
You closely miss the gnoll. You slash the gnoll! You closely miss the gnoll.
The gnoll misses you. The gnoll hits you with a halberd.
* * * LOW HITPOINT WARNING * * *
The gnoll hits you with a spear!
You die...

..# ... #.# #.#
#.# ######.###
#......<.#
###..g.#.#.#
+...@...........
###.gg..##.####.
#.#.#.# .#
#.###.# .# #?.
.g. .# ###
#.#### #.


You could see 3 gnolls.

Vanquished Creatures
  An adder (D:2)
  A gnoll (D:3)
  A ball python (D:2)
  3 bats (D:1)
  A giant cockroach (D:2)
  A goblin (D:2)
  4 hobgoblins
  A kobold (D:1)
  3 giant newts (D:1)
  A rat (D:1)
17 creatures vanquished.

Notes
Turn   | Place    | Note
-------+----------+-------------------------------------------
     0 | D:1      | brucemayne the Vampire Berserker began the quest for the Orb.
     0 | D:1      | Reached XP level 1. HP: 17/17 MP: 1/1
    57 | D:1      | Reached skill level 3 in Axes
   100 | D:1      | Reached XP level 2. HP: 3/23 MP: 2/2
   247 | D:2      | Found a shadowy altar of Dithmenos.
   447 | D:3      | Reached XP level 3. HP: 16/28 MP: 3/3
   449 | D:3      | Slain by a gnoll

Vault maps used:
D:1:      mrwooster_arrival_statue, kennysheep_nondescript,
          minmay_misc_feat_square, minmay_stone_trees_medium
D:2:      grunt_dithmenos_smoke, johnstein_pakellas_shop
D:3:      first_bread, minmay_misc_feat_room

Skill      XL: |  1 |
---------------+----+-----
Axes           | 3 |  3.9
Fighting       | |  2.6
Armour         | |  1.5
Dodging        | |  2.1

Action                   || total
-------------------------++-------
Melee: Hand axe          ||    53
       Bite              ||     2
Invok: Berserk           ||     4
  Use: Potion            ||     3
Armor: Animal skin       ||     6
Dodge: Dodged            ||    47
